 Dungeon Crawl Stone Soup version 0.19-a0-1875-g4fea3da (webtiles) character file.

27 Amnesiac the Skirmisher (level 2, 0/24 HPs)
             Began as a Mummy Monk on Oct 13, 2016.
             Slain by Grinder (10 damage)
             ... while paralysed by Grinder
             ... on level 4 of the Dungeon.
             The game lasted 00:01:37 (945 turns).

Amnesiac the Skirmisher (Mummy Monk)                 Turns: 945, Time: 00:01:38

Health: 0/24       AC:  4    Str: 14    XL:     2   Next: 93%
Magic:  2/2        EV:  2    Int:  9    God:
Gold:   37         SH:  0    Dex: 14    Spells: 0 memorised, 1 level left

rFire  x . .     SeeInvis .     a - +0 short sword
rCold  + . .     Gourm    .     b - +0 robe
rNeg   + + +     Faith    .     (no shield)
rPois  ∞         Spirit   .     (no helmet)
rElec  .         Dismiss  .     e - +1 cloak
rCorr  .         Reflect  .     (no gloves)
MR     .....     Harm     .     (no boots)
Stlth  ++........               (no amulet)
                                (no ring)
                                (no ring)

@: paralysed
A: no food or potions, fire vulnerability, cold resistance 1, negative energy
resistance 3, torment resistance, unbreathing
a: no special abilities


You were on level 4 of the Dungeon.
You were not hungry.

You visited 1 branch of the dungeon, and saw 4 of its levels.

You collected 37 gold pieces.

Inventory:

Hand Weapons
 a - a +0 short sword (weapon)
Armour
 b - a +0 robe (worn)
 e - a +1 cloak (worn)
Jewellery
 g - the ring "Soesov" {MP+9 Slay+3, unknown}
   (You found it on level 4 of the Dungeon)

   [ring of magical power]

   It affects your accuracy and damage with ranged weapons and melee attacks
   (+3).
   It affects your magic capacity (+9).
Scrolls
 c - a scroll of remove curse {unknown}
 d - a scroll of teleportation {unknown}
 f - a scroll of amnesia {unknown}
 h - a scroll of magic mapping {unknown}
 i - a scroll of identify {unknown}


   Skills:
 - Level 3.0 Fighting
 + Level 2.7 Short Blades
 - Level 2.4 Dodging
 * Level 2.6 Stealth


You had one spell level left.
You didn't know any spells.

Dungeon Overview and Level Annotations

Branches:
Dungeon (4/15)
 Temple: D:4-7

Altars:

Annotations:
D:4 Grinder


Innate Abilities, Weirdness & Mutations

You do not eat or drink.
Your flesh is vulnerable to fire.
You are immune to poison.
Your flesh is cold resistant. (rC+)
You are immune to negative energy. (rN+++)
You are immune to unholy pain and torment.
You can survive without breathing.


Message History

Unknown command.
You hit Grinder but do no damage. Grinder gestures at you.
You shrug off the repeated paralysis!
You barely miss Grinder.
Grinder blinks!
You aren't carrying any items that you can evoke.
You open the door.
Grinder says, "Wait up."
Grinder gestures at you.
You are unaffected.
You hit Grinder.
Grinder is lightly wounded.
Grinder gestures at you.
You suddenly lose the ability to move!
Grinder barely misses you. Grinder hits you! Grinder gestures at you.
You barely resist. Grinder hits you!
You die...

#####.##.....##.# #.#
..# ..########.# #.#
..####.########.#####.#
....................#.#
....##..######.....!#.#
....###.## #......#.#
....# #..# #......#.#
....# ##.## #..5...#.#
....# #..# #..@...#.#
##### ##.## ##'###.#.#
#..# #. #...# ##.## #.
##### #..# #. ##.#
#.############
#.###....##......#
#..##....##......#
##.##....##......#


You could see Grinder.

Vanquished Creatures
  2 adders (D:4)
  2 worms (D:3)
  A giant cockroach (D:3)
  A rat (D:1)
6 creatures vanquished.

Notes
Turn   | Place    | Note
-------+----------+-------------------------------------------
     0 | D:1      | Amnesiac the Mummy Monk began the quest for the Orb.
     0 | D:1      | Reached XP level 1. HP: 18/18 MP: 1/1
   122 | D:2      | You fall through a shaft!
   433 | D:3      | Reached XP level 2. HP: 13/24 MP: 2/2
   799 | D:4      | Got a scorched iron ring
   928 | D:4      | Noticed Grinder
   932 | D:4      | Paralysed by Grinder for 4 turns
   941 | D:4      | Paralysed by Grinder for 4 turns
   945 | D:4      | Slain by Grinder

Vault maps used:
D:1:      kilobyte_arrival_exit_the_forest
D:2:      minmay_pentomino_s4
D:3:      serial_bayou_lake_a, uniq_natasha
D:4:      first_bread, uniq_grinder

Skill      XL: |  1 |
---------------+----+-----
Stealth        | 2 |  2.6
Fighting       | |  3.0
Short Blades   | |  2.7
Dodging        | |  2.4

Action                   || total
-------------------------++-------
Melee: Short sword       ||    32
 Stab: Sleeping          ||     2
Armor: Robe              ||     5
Dodge: Dodged            ||    11
